 Dungeon Crawl Stone Soup version 0.30-a0-777-ga9a30cbeda (webtiles) character file.

Game seed: 5121580010190229421

121 mopl the Magician (level 5, -11/31 HPs)
             Began as an Octopode Hedge Wizard on Feb 13, 2023.
             Killed by divine providence
             ... invoked by an orc priest
              (16 damage)
             ... on level 3 of the Dungeon.
             The game lasted 00:02:53 (1875 turns).

mopl the Magician (Octopode Hedge Wizard)           Turns: 1875, Time: 00:02:53

Health: -11/31     AC:  1    Str: 10    XL:     5   Next: 5%
Magic:  1/10       EV: 13    Int: 18    God:
Gold:   138        SH:  0    Dex: 11    Spells: 1/11 levels left

rFire   . . .      SeeInvis .    a - +0 dagger
rCold   . . .      Faith    .    (no shield)
rNeg    . . .      Spirit   .    m - +0 hat
rPois   .          Reflect  .    (no amulet)
rElec   .          Harm     .    (no ring)
rCorr   .          Rampage  .    (no ring)
Will    .....                    (no ring)
Stlth   +++                      (no ring)
HPRegen 0.25/turn                (no ring)
MPRegen 0.12/turn                (no ring)
                                 (no ring)
                                 (no ring)

@: lethally poisoned (-11 -> -13), very slightly contaminated
A: almost no armour, amphibious, 8 rings, camouflage 1, gelatinous body 1,
(nimble swimmer 1), tentacles
a: no special abilities


You were on level 3 of the Dungeon.
You visited 1 branch of the dungeon, and saw 3 of its levels.

You collected 138 gold pieces.

Inventory:

Hand Weapons
 a - a +0 dagger (weapon)
 e - a +0 whip of draining
Missiles
 t - 2 poisoned darts
Armour
 m - a +0 hat (worn)
Magical Staves
 b - a staff of fire
Wands
 s - a wand of iceblast (13)
Scrolls
 d - a scroll of immolation {unknown}
 h - 3 scrolls of noise {unknown}
 i - 2 scrolls of teleportation {unknown}
 j - 3 scrolls of identify {unknown}
 k - 2 scrolls of vulnerability {unknown}
 l - a scroll of poison {unknown}
 o - a scroll of acquirement {unknown}
 p - a scroll of torment {unknown}
 q - a scroll of blinking {unknown}
Potions
 c - a potion of magic
 f - a potion of degeneration {unknown}
 g - 2 potions of attraction {unknown}
 n - a potion of curing {unknown}
 r - a potion of mutation {unknown}


   Skills:
 - Level 2.0 Dodging
 - Level 2.6 Stealth
 + Level 3.7 Spellcasting
 + Level 2.4 Conjurations
 - Level 1.0 Summonings
 + Level 2.6 Translocations
 + Level 1.8 Poison Magic


You had one spell level left.
You knew the following spells:

 Your Spells              Type           Power      Damage    Failure   Level
a - Magic Dart            Conj           48%        1d5       5%          1
c - Mephitic Cloud        Conj/Pois/Air  8%         N/A       26%         3
d - Sticky Flame          Conj/Fire      7%         2d3       67%         4
e - Blink                 Tloc           24%        N/A       8%          2

Your spell library contained the following spells:

 Spells                   Type           Power      Damage    Failure   Level
 Slow                     Hex            12%        N/A       16%         1
 Call Imp                 Summ           7%         N/A       16%         2
 Cigotuvi's Dreadful Rot  Necr/Pois/Air  10%        N/A       19%         2
 Inner Flame              Hex/Fire       3%         N/A       41%         3
 Flame Wave               Conj/Fire      7%         2d5       67%         4


Dungeon Overview and Level Annotations

Branches:
Dungeon (3/15)

Altars:

Annotations:
D:3 1 runed translucent door, MCDelver's ghost, amateur OpFE


Innate Abilities, Weirdness & Mutations

You cannot wear most types of armour.
You are amphibious.
You can wear up to eight rings at the same time.
Your skin changes colour to match your surroundings (Stealth+).
Your rubbery body absorbs attacks. (AC +1, EV +1)
((You are camouflaged when in or above water. (Stealth+)))
You have tentacles for arms and can constrict up to eight enemies at once.


Message History

The orc is almost dead.
You constrict the orc, but do no damage.
The orc hits you with a +0 hand axe.
You hit the orc.
You kill the orc!
The orc priest calls upon Beogh to heal the orc.
The orc's wounds heal themselves!
You hit the orc. Your grab misses the orc.
The orc is moderately wounded.
The orc closely misses you.
The orc priest casts a cantrip, but nothing happens.
You hit the orc. You grab the orc.
The orc is heavily wounded.
You constrict the orc. The orc hits you with a +0 club.
You hit the orc.
The orc is severely wounded.
You constrict the orc.
You kill the orc!
The orc priest calls down the wrath of Beogh upon you.
Beogh smites you!
Casting: Magic Dart (safe; 5% risk of failure)
Confirm with . or Enter, or press ? or * to list all spells.
You can't see any susceptible monsters within range! (Use Z to cast anyway.)
Casting: Magic Dart (safe; 5% risk of failure)
Confirm with . or Enter, or press ? or * to list all spells.
The spell is quite dangerous to miscast (26% risk of failure)!
Continue anyway?
Aiming: Mephitic Cloud (quite dangerous; 26% risk of failure)
Press: ? - help, Shift-Dir - straight line, f - orc priest
Aim: an orc priest, wielding a +0 club (chance to affect: 86%)
You miscast Mephitic Cloud.
You are very lightly contaminated with residual magic.
You feel rather nauseous for a moment.
You are poisoned.
* * * LOW HITPOINT WARNING * * *
You feel sick.
You barely miss the orc priest. Your grab misses the orc priest.
You feel sick.
The orc priest calls down the wrath of Beogh upon you.
Beogh smites you!
Ouch! That really hurt!
You die...

##.....###.#
##..###..##.#
##..##
##..#.#
##..## ##...#
...## ##..###
..## ##...#
.## ##.(## .#
#...## .#
#..@.# ..
.###..##o# #.
.....###.# #
.##..###.#
.........#
#######o##
....##.#
###$.#.#
#.)o)..#


You could see an orc priest.

Vanquished Creatures
  A hound (D:3)
  2 adders
  2 dart slugs (D:2)
  10 orcs (D:3)
  5 ball pythons
  4 bats
  6 endoplasms
  2 giant cockroaches
  A goblin (D:2)
  4 hobgoblins
  4 jackals (D:3)
  2 kobolds (D:1)
  3 quokkas
  4 frilled lizards
  3 rats
53 creatures vanquished.

Notes
Turn   | Place    | Note
-------+----------+-------------------------------------------
     0 | D:1      | mopl the Octopode Hedge Wizard began the quest for the Orb.
     0 | D:1      | Reached XP level 1. HP: 11/11 MP: 4/4
   219 | D:1      | Reached XP level 2. HP: 17/17 MP: 6/6
   222 | D:1      | Learned a level 2 spell: Blink
   750 | D:2      | Reached XP level 3. HP: 18/21 MP: 7/7
   759 | D:2      | Learned a level 3 spell: Mephitic Cloud
  1202 | D:2      | Reached skill level 2 in Conjurations
  1202 | D:2      | Reached skill level 2 in Translocations
  1398 | D:3      | Reached skill level 1 in Poison Magic
  1398 | D:3      | Reached XP level 4. HP: 25/27 MP: 9/9
  1403 | D:3      | Learned a level 4 spell: Sticky Flame
  1640 | D:3      | Found a runed translucent door.
  1645 | D:3      | Noticed MCDelver's ghost (amateur OpFE)
  1861 | D:3      | Reached XP level 5. HP: 31/31 MP: 2/10
  1875 | D:3      | Killed from afar by an orc priest

Illustrated notes

Levels and vault maps discovered:
D:1:      amcnicky_arrival_abandoned_market, layout_loops_ring
D:2:      layout_loops_ring
D:3:      layout_basic, nemelex_spade_bored_becter,
          hellmonk_ghost_happy_afterlife, minmay_misc_feat_x

Skill      XL: |  1  2  3 |
---------------+----------+-----
Conjurations   | 2 |  2.4
Translocations | 2 |  2.6
Poison Magic   | 1 |  1.8
Dodging        | |  2.0
Stealth        | |  2.6
Spellcasting   | |  3.7
Summonings     | |  1.0

Action                     |  1- 3 |  4- 6 || total
---------------------------+-------+-------++-------
  Melee: Dagger            |    81 |    24 ||   105
         Constrict         |    19 |     7 ||    26
         Tentacles         |    16 |     5 ||    21
         Punch             |       |     1 ||     1
   Cast: Magic Dart        |       |    24 ||    24
   Stab: Sleeping          |    12 |     1 ||    13
 Armour: Skin              |     6 |     1 ||     7
  Dodge: Dodged            |    63 |    13 ||    76

Table legend: (Time is in decaauts)
 A = Elapsed time spent in this place.
 B = Non-inter-level travel time spent in this place.
 C = Inter-level travel time spent in this place.
 D = Time resting spent in this place.
 E = Time spent auto-exploring this place.
 F = Levels seen in this place.
 G = Mean time per level.
                   A        B        C        D        E       F      G
               +--------+--------+--------+--------+--------+-----+--------+
         Total |   1874 |   1848 |     26 |     43 |   1419 |   3 |  624.7 |
       Dungeon |   1874 |   1848 |     26 |     43 |   1419 |   3 |  624.7 |
               +--------+--------+--------+--------+--------+-----+--------+

Top non-repeatable levels by time:
     D:2: 682 daAuts
     D:3: 603 daAuts
     D:1: 588 daAuts
